 Dungeon Crawl Stone Soup version 0.21-a0-352-g5b8f553 (webtiles) character file.

5253 EvilAshe the Destroyer (level 10, -4/57 HPs)
             Began as a Tengu Fire Elementalist on Oct 11, 2017.
             Was a Believer of Vehumet.
             Slain by a yak (9 damage)
             ... on level 9 of the Dungeon on Oct 12, 2017.
             The game lasted 00:32:31 (8957 turns).

EvilAshe the Destroyer (Tengu Fire Elementalist)    Turns: 8957, Time: 00:32:32

Health: -4/57      AC:  4    Str:  9    XL:     10   Next: 62%
Magic:  7/22       EV: 21    Int: 24    God:    Vehumet [**....]
Gold:   462        SH:  0    Dex: 14    Spells: 6/24 levels left

rFire    . . .     SeeInvis .   P - +3 spear (venom)
rCold    . . .     Gourm    .   (no shield)
rNeg     . . .     Faith    .   a - +0 robe
rPois    .         Spirit   .   (helmet restricted)
rElec    .         Reflect  .   k - +1 cloak
rCorr    .         Harm     .   (no gloves)
MR       .....                  (boots unavailable)
Stlth    ++........             q - amulet of regeneration
HPRegen  0.59/turn              I - +3 ring of evasion
MPRegen  0.18/turn              B - +5 ring of intelligence

@: flying quickly and evasively, quick
A: beak, talons 3, able to fly 1
a: Renounce Religion


You were on level 9 of the Dungeon.
You worshipped Vehumet.
Vehumet was pleased with you.
You were very hungry.

You visited 2 branches of the dungeon, and saw 11 of its levels.

You collected 462 gold pieces.

Inventory:

Hand Weapons
 P - a +3 spear of venom (weapon)
Missiles
 v - 20 tomahawks (quivered)
Armour
 a - a +0 robe (worn)
 k - a +1 cloak (worn)
Jewellery
 i - an uncursed ring of resist corrosion
 q - an amulet of regeneration (around neck)
 B - a +5 ring of intelligence (right hand)
 I - a +3 ring of evasion (left hand)
 Q - an uncursed ring of protection from magic
Wands
 E - a wand of polymorph (24/24)
 G - a wand of polymorph (16/24)
 L - a wand of polymorph (10/24)
 R - a wand of disintegration (13/24)
 S - a wand of disintegration (15/24)
Scrolls
 e - 2 scrolls of enchant weapon
 f - 7 scrolls of remove curse
 g - a scroll of random uselessness {unknown}
 h - a scroll of magic mapping {unknown}
 n - a scroll of blinking
 o - a scroll of enchant armour
 r - a scroll of teleportation
 u - 2 scrolls of recharging
 x - a scroll of amnesia
 y - a scroll of fog {unknown}
 F - a scroll of immolation {unknown}
Potions
 m - 2 potions of lignification
 p - 2 potions of cancellation
 w - 4 potions of curing
 z - 4 potions of heal wounds
 A - a potion of magic
 H - a potion of ambrosia {unknown}
 J - a potion of invisibility
 K - a potion of haste {unknown}
Books
 b - a book of Flames

   Spells                             Type                      Level
   a - Flame Tongue                   Conjuration/Fire             1
   b - Throw Flame                    Conjuration/Fire             2
   c - Conjure Flame                  Conjuration/Fire             3
   d - Inner Flame                    Hexes/Fire                   3
   e - Sticky Flame                   Conjuration/Fire             4
   f - Fireball                       Conjuration/Fire             5
 d - a book of Necromancy

   Spells                             Type                      Level
   a - Pain                           Necromancy                   1
   b - Animate Skeleton               Necromancy                   1
   c - Vampiric Draining              Necromancy                   3
   d - Regeneration                   Charms/Necromancy            3
   e - Animate Dead                   Necromancy                   4
   f - Control Undead                 Necromancy                   4
 s - a book of Maledictions

   Spells                             Type                      Level
   a - Corona                         Hexes                        1
   b - Ensorcelled Hibernation        Hexes/Ice                    2
   c - Confuse                        Hexes                        3
   d - Tukima's Dance                 Hexes                        3
   e - Dazzling Spray                 Conjuration/Hexes            3
 N - a book of Conjurations

   Spells                             Type                      Level
   a - Magic Dart                     Conjuration                  1
   b - Searing Ray                    Conjuration                  2
   c - Dazzling Spray                 Conjuration/Hexes            3
   d - Fulminant Prism                Conjuration/Hexes            4
   e - Force Lance                    Conjuration/Translocation    4
   f - Iskenderun's Mystic Blast      Conjuration                  4
 O - a Young Poisoner's Handbook

   Spells                             Type                      Level
   a - Sting                          Conjuration/Poison           1
   b - Poisonous Vapours              Poison/Air                   2
   c - Mephitic Cloud                 Conjuration/Poison/Air       3
   d - Olgreb's Toxic Radiance        Poison                       4
   e - Venom Bolt                     Conjuration/Poison           5
Comestibles
 c - 5 bread rations
 j - 5 fruits
 l - 2 royal jellies
 t - a meat ration
 C - 2 chunks of flesh


   Skills:
 + Level 4.2 Fighting
 + Level 5.4 Dodging
 - Level 2.3 Stealth
 + Level 7.5 Spellcasting
 + Level 10.2 Conjurations
 + Level 9.3 Fire Magic
 - Level 3.0 Poison Magic


You had 6 spell levels left.
You knew the following spells:

 Your Spells              Type           Power        Failure   Level  Hunger
a - Flame Tongue          Conj/Fire      #####        1%          1    None
b - Venom Bolt            Conj/Pois      #####.....   12%         5    #####..
c - Conjure Flame         Conj/Fire      ######..     1%          3    None
f - Fireball              Conj/Fire      ######....   3%          5    #####..
s - Sticky Flame          Conj/Fire      ######..     1%          4    ###....


Dungeon Overview and Level Annotations

Branches:
Dungeon (10/15)            Temple (1/1) D:4            Lair (0/6) D:9
    Orc (0/2) D:9

Altars:
Ashenzari
Cheibriados
Dithmenos
Elyvilon
Fedhas
Gozag
Hepliaklqana
Kikubaaqudgha
Makhleb
Nemelex Xobeh
Okawaru
Qazlal
Ru
Sif Muna
Trog
Uskayaw
Vehumet
Wu Jian
Xom
Yredelemnul
Zin
The Shining One

Shops:
D:6 }   D:9 (

Annotations:
D:2 Natasha
D:3 Robin
D:5 1 runed door
D:7 1 runed door


Innate Abilities, Weirdness & Mutations

You have a beak for a mouth.
You have claws for feet.
You can fly.


Message History

Confirm with . or Enter, or press ? or * to list all spells.
Aiming: Fireball
Press: ? - help, Shift-Dir - straight line The fireball explodes!
The fireball engulfs the yak.
The yak is severely wounded.
You hear an angry buzzing noise.
You closely miss the yak. Your kick misses the yak.
The yak is severely wounded.
The yak gores you.
You hit the yak but do no damage. You claw the yak.
The yak is severely wounded.
The yak gores you! The yak gores you! x2
* * * LOW HITPOINT WARNING * * *
You fly upwards.
There is a stone staircase leading down here.
The yak gores you.
* * * LOW HITPOINT WARNING * * *
The yak gores you!
You die...

.#### #.# #.####.#.# .# #.#
#.##.._..# .# #.####....#.### .#
######....!......#
.####......>..#..##.##
≈≈≈......######..##.# ≈≈≈.≈..≈.#
#..##.# ≈≈≈≈.....# #..##.#
≈≈.≈≈≈≈..# #.@##.# ######
≈≈≈≈≈.≈..## #Y.##.# #.....
≈.≈≈≈≈....# #>Y##.########.....
.≈≈≈≈≈....## #..##..............
..≈≈≈≈.....####..##........#.....
.≈≈≈.≈≈..........#########.#.....
..≈≈≈............# #.###.##
≈≈≈≈≈≈≈..#.####### #.# #)#
≈≈≈≈≈......# #.# #)#


You could see 2 yaks.

Vanquished Creatures
  A troll (D:9)
  2 hippogriffs
  7 yaks
  A necrophage (D:6)
  2 ice beasts
  7 ogres
  3 orc warriors
  A phantom (D:9)
  A sky beast (D:4)
  3 wolves (D:9)
  2 centaurs
  A crocodile (D:9)
  2 bullfrogs
  A gnoll sergeant (D:9)
  2 scorpions (D:6)
  An electric eel (D:9)
  6 howler monkeys
  5 crimson imps
  A gnoll shaman (D:8)
  4 jellies
  Crazy Yiuf (D:3)
  A bullfrog zombie (D:5)
  An orc priest (D:5)
  6 hounds
  4 orc wizards
  4 iguanas
  7 worker ants
  2 killer bee zombies
  A howler monkey zombie (D:5)
  7 gnolls
  12 adders
  A shadow imp (D:5)
  2 oozes
  2 adder skeletons (D:4)
  An adder zombie (D:8)
  2 worms
  3 dart slugs
  6 leopard geckos
  25 orcs
  2 giant cockroaches (D:3)
  2 gnoll zombies (D:5)
  9 goblins (D:3)
  10 hobgoblins
  7 jackals
  3 quokkas
  A ball python (D:1)
  4 bats
  3 frilled lizards
  6 kobolds
  2 quokka skeletons
  7 rats
197 creatures vanquished.

Vanquished Creatures (others)
  An orc (D:5)
1 creature vanquished.

Grand Total: 198 creatures vanquished

Notes
Turn   | Place    | Note
-------+----------+-------------------------------------------
     0 | D:1      | EvilAshe the Tengu Fire Elementalist began the quest for the Orb.
     0 | D:1      | Reached XP level 1. HP: 10/10 MP: 4/4
    90 | D:1      | Reached XP level 2. HP: 15/15 MP: 3/6
   729 | D:1      | Reached skill level 2 in Conjurations
   799 | D:2      | Reached XP level 3. HP: 19/19 MP: 4/7
   832 | D:2      | Learned a level 3 spell: Conjure Flame
  1197 | D:2      | Found a glowing silver altar of Zin.
  1233 | D:2      | Noticed Natasha
  1434 | D:3      | Reached skill level 3 in Conjurations
  1434 | D:3      | Reached XP level 4. HP: 16/24 MP: 2/9
  1613 | D:3      | Learned a level 4 spell: Sticky Flame
  1627 | D:3      | Noticed Robin
  2003 | D:3      | Gained mutation: You can fly. [Tengu growth]
  2003 | D:3      | Reached XP level 5. HP: 28/28 MP: 7/10
  2366 | D:3      | Found a runed door.
  2370 | D:3      | Noticed Crazy Yiuf
  2378 | D:3      | Killed Crazy Yiuf
  2626 | D:4      | Reached skill level 4 in Conjurations
  2875 | D:4      | Reached XP level 6. HP: 32/32 MP: 3/12
  2982 | D:4      | Reached skill level 5 in Fire Magic
  3317 | D:4      | Reached skill level 5 in Conjurations
  3401 | D:4      | Found a staircase to the Ecumenical Temple.
  3577 | D:4      | Found an opulent altar of Gozag.
  3577 | D:4      | Found a shimmering altar of Xom.
  3582 | D:4      | Found a blossoming altar of Fedhas.
  3584 | D:4      | Found an iron altar of Okawaru.
  3585 | D:4      | Found a faded altar of an unknown god.
  3786 | D:5      | Entered Level 5 of the Dungeon
  3786 | D:5      | Noticed a sky beast
  3789 | D:5      | Reached XP level 7. HP: 36/36 MP: 10/14
  3998 | D:5      | Found a runed door.
  3999 | D:5      | Noticed a human
  4000 | D:5      | Found a basalt altar of Yredelemnul.
  4012 | D:5      | Learned a level 5 spell: Fireball
  4090 | D:5      | Reached skill level 6 in Conjurations
  4281 | D:5      | Found a stormy altar of Qazlal.
  4289 | D:5      | Reached XP level 8. HP: 41/41 MP: 9/16
  4315 | D:5      | Got a faintly glowing quarterstaff
  4429 | D:5      | Reached skill level 5 in Spellcasting
  4733 | D:5      | Found a basalt altar of Yredelemnul.
  4851 | D:5      | Reached skill level 7 in Conjurations
  4920 | Temple   | Entered the Ecumenical Temple
  4970 | Temple   | Became a worshipper of Vehumet
  4995 | D:6      | Found Vumesic's Gadget Shoppe.
  4996 | D:6      | Identified the +10 quarterstaff "Keafil" {antimagic, rN+ MR+} (You found it on level 5 of the Dungeon)
  5405 | D:6      | Found a bloodstained altar of Trog.
  5420 | D:6      | Reached skill level 8 in Conjurations
  5526 | D:6      | HP: 1/41 [orc warrior/dire flail (21)]
  5650 | D:7      | Reached XP level 9. HP: 40/45 MP: 14/19
  5955 | D:7      | Noticed a sixfirhy
  5956 | D:7      | Found a runed door.
  6183 | D:7      | Reached skill level 1 in Fighting
  6825 | D:8      | Reached * piety under Vehumet
  6825 | D:8      | Offered knowledge of Shock by Vehumet.
  6874 | D:8      | Reached skill level 9 in Conjurations
  6984 | D:8      | Found an ornate altar of the Wu Jian Council.
  7065 | D:8      | Found a white marble altar of Elyvilon.
  7265 | D:8      | Learned a level 5 spell: Venom Bolt
  7306 | D:9      | Reached skill level 1 in Poison Magic
  7547 | D:9      | Reached XP level 10. HP: 56/56 MP: 1/21
  8085 | D:9      | Reached ** piety under Vehumet
  8085 | D:9      | Offered knowledge of Freeze by Vehumet.
  8093 | D:9      | Reached skill level 5 in Dodging
  8221 | D:9      | Reached skill level 10 in Conjurations
  8228 | D:9      | Found a staircase to the Lair.
  8231 | D:9      | Found a staircase to the Orcish Mines.
  8243 | D:9      | Found a deep blue altar of Sif Muna.
  8478 | D:9      | Found Cixolew's Weapon Emporium.
  8490 | D:9      | Found a shattered altar of Ashenzari.
  8648 | D:9      | Found a hazy altar of Hepliaklqana.
  8657 | D:9      | Found a white marble altar of Elyvilon.
  8784 | D:10     | Entered Level 10 of the Dungeon
  8784 | D:10     | Noticed a two-headed ogre
  8923 | D:10     | Noticed a two-headed ogre
  8957 | D:9      | Slain by a yak

Vault maps used:
D:1:      lightli_arrival_flooded_house
D:2:      lemuel_crystal_altar, serial_curves, eino_curves_01, eino_curves_02,
          uniq_natasha
D:3:      uniq_crazy_yiuf_cottage, uniq_robin
D:4:      chequers_temple_overflow_minitemple, minmay_temple_entry_from_below_a
D:5:      lemuel_zombie_altar_yredelemnul, grunt_qazlal_clouds, first_bread,
          dk_yredelemnul_ordeal
D:6:      bloody_trog, serial_shops, shop
D:7:      cheibrodos_shockbox
D:8:      overflow_temple_1_default, basic_altar
D:9:      minitemple, ashenzari_conservatory_becter, lemuel_crystal_altar,
          erik_lair_island, serial_shops, shop
Temple:   compressed_dpeg_triangle_lava_temple

Skill      XL: |  1  2  3  4  5  6  7  8  9 10 |
---------------+-------------------------------+-----
Conjurations   | 2 3 4 5 6 8 9 10 | 10.2
Fire Magic     | 4 5 6 7 8 9 |  9.3
Spellcasting   | 3 4 6 7 |  7.5
Fighting       | 3 4 |  4.2
Dodging        | 4 5 |  5.4
Poison Magic   | 2 3 |  3.0
Stealth        | |  2.3

Action                   |  1- 3 |  4- 6 |  7- 9 | 10-12 || total
-------------------------+-------+-------+-------+-------++-------
Melee: Unarmed           |     6 |     4 |       |       ||    10
       Peck              |     1 |     3 |    23 |     4 ||    31
       Kick              |     1 |     2 |    27 |     7 ||    37
       Long sword        |       |     3 |       |       ||     3
       Quarterstaff      |       |     2 |    17 |       ||    19
       Trident           |       |       |   147 |     2 ||   149
       Spear             |       |       |       |    24 ||    24
Throw: Tomahawk          |       |     2 |    23 |     2 ||    27
 Cast: Flame Tongue      |    60 |    77 |   169 |    95 ||   401
       Conjure Flame     |       |     4 |    10 |     1 ||    15
       Sticky Flame      |       |     2 |    19 |     8 ||    29
       Fireball          |       |       |       |     4 ||     4
 Abil: Fly               |       |     5 |    14 |     7 ||    26
  Use: Scroll            |     3 |     1 |     8 |     9 ||    21
 Stab: Sleeping          |       |       |       |     1 ||     1
  Eat: Chunk             |     2 |     9 |    16 |     6 ||    33
Armor: Robe              |     7 |       |    20 |     3 ||    30
Dodge: Dodged            |    17 |    19 |   141 |    49 ||   226
       Rpst.: Long sword |       |     4 |       |       ||     4

Table legend:
 A = Spawn XP
 B = Non-spawn XP
 C = Spawn XP percentage of total XP
 D = Spawn monster count
 E = Non-spawn monster count
 F = Spawn count percentage of total count
 G = Total turns spent on level
                    A         B        C        D         E        F      G
               +---------+---------+-------+---------+---------+-------+---------
         Total |       0 |    7505 |   0.0 |       0 |     198 |   0.0 |  8957
               +---------+---------+-------+---------+---------+-------+---------
           D:1 |       0 |      31 |   0.0 |       0 |      15 |   0.0 |   766
           D:2 |       0 |      34 |   0.0 |       0 |      13 |   0.0 |   472
           D:3 |       0 |     187 |   0.0 |       0 |      34 |   0.0 |  1360
           D:4 |       0 |     518 |   0.0 |       0 |      15 |   0.0 |  1401
           D:5 |       0 |     809 |   0.0 |       0 |      33 |   0.0 |   934
           D:6 |       0 |     677 |   0.0 |       0 |      15 |   0.0 |   607
           D:7 |       0 |     646 |   0.0 |       0 |      12 |   0.0 |   915
           D:8 |       0 |     527 |   0.0 |       0 |      15 |   0.0 |   750
           D:9 |       0 |    3614 |   0.0 |       0 |      42 |   0.0 |  1593
          D:10 |       0 |     462 |   0.0 |       0 |       4 |   0.0 |    97
               +---------+---------+-------+---------+---------+-------+---------
